 Dungeon Crawl Stone Soup version 0.22-a0-240-g539252a (webtiles) character file.

34 mortelune the Chiller (level 3, 24/24 HPs)
             Began as a Demonspawn Ice Elementalist on Feb 21, 2018.
             Quit the game on level 2 of the Dungeon.
             The game lasted 00:02:39 (1328 turns).

mortelune the Chiller (Demonspawn Ice Elementalist) Turns: 1328, Time: 00:02:40

Health: 24/24      AC:  2    Str:  8    XL:     3   Next: 14%
Magic:  1/6        EV: 12    Int: 17    God:
Gold:   71         SH:  0    Dex: 13    Spells: 3/6 levels left

rFire    . . .     SeeInvis .   c - +0 short sword
rCold    . . .     Gourm    .   (no shield)
rNeg     . . .     Faith    .   a - +0 robe
rPois    .         Spirit   .   (helmet restricted)
rElec    .         Reflect  .   (no cloak)
rCorr    .         Harm     .   (no gloves)
MR       .....                  (no boots)
Stlth    ++........             (no amulet)
HPRegen  0.08/turn              (no ring)
MPRegen  0.10/turn              (no ring)

@: no status effects
A: antennae 1, claws 1
a: no special abilities


You were on level 2 of the Dungeon.
You were not hungry.

You visited 1 branch of the dungeon, and saw 2 of its levels.

You collected 71 gold pieces.

Inventory:

Hand Weapons
 c - a +0 short sword (weapon)
Armour
 a - a +0 robe (worn)
Scrolls
 d - a scroll of amnesia {unknown}
 e - a scroll of remove curse {unknown}
 g - 5 scrolls of identify {unknown}
Potions
 h - 3 potions of haste {unknown}
Comestibles
 b - 4 rations
 f - a chunk of flesh


   Skills:
 - Level 1.7 Dodging
 - Level 1.7 Stealth
 + Level 2.4 Spellcasting
 + Level 1.4 Conjurations
 * Level 3.4 Ice Magic


You had 3 spell levels left.
You knew the following spells:

 Your Spells              Type           Power        Failure   Level  Hunger
a - Freeze                Ice            ##..         4%          1    #......
b - Throw Frost           Conj/Ice       ##....       11%         2    ##.....


Dungeon Overview and Level Annotations

Branches:
Dungeon (2/15)

Altars:


Innate Abilities, Weirdness & Mutations

You have a pair of small antennae on your head.
You have sharp fingernails.


Message History

Aiming: Throw Frost (safe; 12% risk of failure)
Press: ? - help, Shift-Dir - straight line, f - adder
Aim: an adder (hasn't noticed you)
The puff of frost hits the adder.
The adder is severely wounded.
Casting: Throw Frost (safe; 12% risk of failure)
Confirm with . or Enter, or press ? or * to list all spells.
Aiming: Throw Frost (safe; 12% risk of failure)
Press: ? - help, Shift-Dir - straight line, f/p - adder
Aim: an adder (severely wounded)
The puff of frost hits the adder.
You kill the adder!
You have reached level 3!
Your experience leads to an increase in your attributes!
Increase (S)trength, (I)ntelligence, or (D)exterity?
You feel clever.
Your demonic ancestry asserts itself...
A pair of antennae grows on your head!
Are you sure you want to abandon this character and quit the game? (Confirm with "yes".)
Okay, then.
Are you sure you want to abandon this character and quit the game? (Confirm with "yes".)

##.. ..###.........
###..##.###...†......
#.......#.....÷...... #
#.#.......###.#..#### ..
..#.#..###)).<##.... ...
.......<...#### #.......
..##.##....# #?.....
..##.##....# ###†....$
.....##....#####@.......
..##.......##....#......
..#####....##.#### .....
.## #....#..# #.......
#######......#####......
........(........#.....##
##########.............##
#...............#
#...............#


There were no monsters in sight!

Vanquished Creatures
  2 adders (D:2)
  A dart slug (D:2)
  3 bats
  3 hobgoblins
  A kobold (D:1)
  A frilled lizard (D:1)
  3 goblins
14 creatures vanquished.

Notes
Turn   | Place    | Note
-------+----------+-------------------------------------------
     0 | D:1      | mortelune the Demonspawn Ice Elementalist began the quest for the Orb.
     0 | D:1      | Reached XP level 1. HP: 13/13 MP: 3/3
   495 | D:1      | Reached skill level 3 in Ice Magic
   745 | D:1      | Gained mutation: You have sharp fingernails. [demonic ancestry]
   745 | D:1      | Reached XP level 2. HP: 17/19 MP: 3/5
   749 | D:1      | Learned a level 2 spell: Throw Frost
  1327 | D:2      | Gained mutation: You have a pair of small antennae on your head. [demonic ancestry]
  1327 | D:2      | Reached XP level 3. HP: 24/24 MP: 1/6
  1328 | D:2      | Quit the game

Vault maps used:
D:1:      dpeg_arrival_signposts

Skill      XL: |  1 |
---------------+----+-----
Ice Magic      | 3 |  3.4
Dodging        | |  1.7
Stealth        | |  1.7
Spellcasting   | |  2.4
Conjurations   | |  1.4

Action                   || total
-------------------------++-------
Melee: Short sword       ||     4
 Cast: Freeze            ||    15
       Throw Frost       ||     9
  Eat: Chunk             ||     2
Armor: Robe              ||     2
Dodge: Dodged            ||    20

Table legend:
 A = Spawn XP
 B = Non-spawn XP
 C = Spawn XP percentage of total XP
 D = Spawn monster count
 E = Non-spawn monster count
 F = Spawn count percentage of total count
 G = Total turns spent on level
                    A         B        C        D         E        F      G
               +---------+---------+-------+---------+---------+-------+---------
         Total |       0 |      49 |   0.0 |       0 |      14 |   0.0 |  1328
               +---------+---------+-------+---------+---------+-------+---------
           D:1 |       0 |      12 |   0.0 |       0 |       7 |   0.0 |  1090
           D:2 |       0 |      37 |   0.0 |       0 |       7 |   0.0 |   238
               +---------+---------+-------+---------+---------+-------+---------
